 Dungeon Sprint DCSS version 0.29.1-12-g30fa7ad0bf (webtiles) character file.

Game seed: 459236334677230493

2097 BigDaddyOpFi the Hill Orc Cataclysm (level 9, -7/86 HPs)
             Began as a Hill Orc Fighter on Jan 13, 2023.
             Was a High Priest of Qazlal.
             Mangled by a death cob (14 damage)
             ... in the Dungeon (Sprint VII: "The Pits").
             The game lasted 00:03:03 (1729 turns).

BigDaddyOpFi the Hill Orc Cataclysm (HOFi)          Turns: 1729, Time: 00:03:04

Health: -7/86      AC: 18    Str: 26    XL:     9   Next: 28%
Magic:  13/20      EV:  8    Int: 11    God:    Qazlal [*****.]
Gold:   0          SH: 13    Dex: 10    Spells: 8/8 levels left

rFire   . . .      SeeInvis .   t - +2 war axe (freeze)
rCold   . . .      Faith    .   c - +0 buckler
rNeg    . . .      Spirit   .   q - +4 chain mail
rPois   .          Reflect  .   (no helmet)
rElec   .          Harm     .   (no cloak)
rCorr   .          Rampage  .   p - +0 pair of gloves
Will    .....      NoTele   +   r - +0 pair of boots
Stlth   ..........              (no amulet)
HPRegen 0.24/turn               b - +3 ring of strength
MPRegen 0.17/turn               n - +3 ring of intelligence

@: slowed, repel missiles, very slow
A: no striking features
a: Renounce Religion, Upheaval, Elemental Force, Disaster Area


You were in the Dungeon.
You worshipped Qazlal.
Qazlal was extremely pleased with you.
You visited 1 branch

Inventory:

Hand Weapons
 t - a +2 war axe of freezing (weapon)
Armour
 c - a +0 buckler (worn)
 p - a +0 pair of gloves (worn)
 q - a +4 chain mail (worn)
 r - a +0 pair of boots (worn)
Jewellery
 b - a +3 ring of strength (left hand)
 n - a +3 ring of intelligence (right hand)
Scrolls
 j - a scroll of blinking
 l - 5 scrolls of amnesia
 m - a scroll of summoning
Potions
 d - 8 potions of heal wounds
 e - 8 potions of curing
 g - a potion of haste
 h - 4 potions of magic
 i - 5 potions of berserk rage
 k - 2 potions of invisibility
 o - a potion of brilliance


   Skills:
 + Level 10.8 Fighting
 + Level 11.3 Axes
 + Level 9.8 Armour
 + Level 10.0 Shields
 * Level 15.0 Invocations


You had 8 spell levels left.
You didn't know any spells.
Your spell library was empty.

Dungeon Overview and Level Annotations

Branches:
Dungeon (1/1)

Altars:
Ashenzari
Cheibriados
Dithmenos
Elyvilon
Fedhas
Gozag
Hepliaklqana
Kikubaaqudgha
Makhleb
Nemelex Xobeh
Okawaru
Qazlal
Ru
Sif Muna
Trog
Uskayaw
Vehumet
Wu Jian
Xom
Yredelemnul
Zin
The Shining One
Beogh
Jiyva
Lugonu


Message History

The death cob is no longer encased in ice.
The death cob barely misses you. The death cob hits you.
The death cob drains your vigour!
You feel yourself slow down. You block the death cob's attack.
You slice the death cob!! You freeze the death cob.
The death cob is severely damaged.
You block the death cob's attack.
The death cob hits you but does no damage.
The death cob hits you. The death cob drains your vigour!
You feel as though you will be slow longer.
You block the death cob's attack.
You barely miss the death cob.
The death cob is severely damaged.
The death cob barely misses you. x2; You block the death cob's attack.
Unknown command.
You closely miss the death cob.
The death cob is severely damaged.
You block the death cob's attack.
The death cob hits you but does no damage.
The death cob barely misses you.
The death cob hits you but does no damage.
You hit the death cob. You freeze the death cob.
The death cob is severely damaged.
You block the death cob's attack. x3; The death cob hits you!!
* * * LOW HITPOINT WARNING * * *
Unknown command.
You feel better. The death cob hits you!
* * * LOW HITPOINT WARNING * * *
The death cob drains your vigour!
You feel as though you will be slow longer.
You block the death cob's attack. The death cob hits you!
* * * LOW HITPOINT WARNING * * *
You feel much better.
The death cob hits you but does no damage.
The death cob hits you!
* * * LOW HITPOINT WARNING * * *
The death cob drains your vigour!
You feel as though you will be slow longer.
The death cob hits you!
You die...

###'##................#
))'.##......#..#......#
###.##................+
.....'................+
'#####......#..#......#
.#[.##................#
.#)[#####'#####'○#####
##))##.......##°'#
.#))##.......##☼@#
.#..##.......##.z#
##'###...<...##†.#
....##.......##..#
....##.......##..#
######.......##...
.#..###########...
.#.############...
.#.#....#...[#


You could see a death cob.

Vanquished Creatures
  A lindwurm (D)
  A jumping spider (D)
  A fire bat (D)
  A flying skull (D)
  A steam dragon (D)
  Pargi (D)
  An orc warrior (D)
  4 wolves (D)
  A phantom (D)
  2 scorpions (D)
  5 wights (D)
  An orc wizard (D)
  A mummy (D)
  2 gnolls (D)
  2 ufetubi (D)
  2 worms (D)
  3 orcs (D)
  3 bats (D)
  A quokka (D)
  A rat (D)
35 creatures vanquished.

Notes
Turn   | Place    | Note
-------+----------+-------------------------------------------
     0 | D        | BigDaddyOpFi the Hill Orc Fighter began the quest for the
                  | Orb.
     0 | D        | Reached XP level 1. HP: 19/19 MP: 1/1
    37 | D        | Found a bloodstained altar of Trog.
    37 | D        | Found a shimmering blue altar of Sif Muna.
    37 | D        | Found a viscous altar of Jiyva.
    37 | D        | Found a hazy altar of Hepliaklqana.
    37 | D        | Found an opulent altar of Gozag.
    38 | D        | Found a glowing golden altar of the Shining One.
    38 | D        | Found a glowing silver altar of Zin.
    38 | D        | Found a basalt altar of Yredelemnul.
    38 | D        | Found a shimmering altar of Xom.
    38 | D        | Found an ornate altar of the Wu Jian Council.
    38 | D        | Found a sacrificial altar of Ru.
    38 | D        | Found a stormy altar of Qazlal.
    38 | D        | Found an iron altar of Okawaru.
    38 | D        | Found a sparkling altar of Nemelex Xobeh.
    38 | D        | Found a burning altar of Makhleb.
    38 | D        | Found a blossoming altar of Fedhas.
    38 | D        | Found a white marble altar of Elyvilon.
    38 | D        | Found a shadowy altar of Dithmenos.
    38 | D        | Found a snail-covered altar of Cheibriados.
    39 | D        | Found a radiant altar of Vehumet.
    39 | D        | Found a corrupted altar of Lugonu.
    39 | D        | Found a roughly hewn altar of Beogh.
    40 | D        | Found a hide-covered altar of Uskayaw.
    40 | D        | Found an ancient bone altar of Kikubaaqudgha.
    40 | D        | Found a broken altar of Ashenzari.
    43 | D        | Became a worshipper of Qazlal Stormbringer
    80 | D        | Reached skill level 1 in Invocations
    80 | D        | Reached XP level 2. HP: 27/27 MP: 1/3
   209 | D        | Reached * piety under Qazlal
   210 | D        | Reached skill level 2 in Invocations
   210 | D        | Noticed a scorpion
   218 | D        | Killed a scorpion
   219 | D        | Reached skill level 5 in Fighting
   219 | D        | Reached skill level 5 in Axes
   219 | D        | Reached skill level 5 in Invocations
   219 | D        | Reached XP level 3. HP: 35/36 MP: 4/7
   219 | D        | Reached XP level 4. HP: 41/42 MP: 4/8
   441 | D        | Noticed a scorpion
   441 | D        | Noticed a flying skull
   457 | D        | Killed a flying skull
   458 | D        | Reached skill level 8 in Invocations
   458 | D        | Reached XP level 5. HP: 22/51 MP: 8/11
   458 | D        | Reached ** piety under Qazlal
   463 | D        | Reached XP level 6. HP: 17/60 MP: 8/12
   465 | D        | Reached skill level 9 in Invocations
   739 | D        | Noticed an orc warrior
   744 | D        | Noticed a fire bat
   759 | D        | Killed an orc warrior
   759 | D        | Reached *** piety under Qazlal
   760 | D        | Reached skill level 10 in Invocations
   761 | D        | Killed a fire bat
   762 | D        | Reached skill level 11 in Invocations
   762 | D        | Reached XP level 7. HP: 69/69 MP: 13/15
   762 | D        | Noticed Pargi
   768 | D        | Reached **** piety under Qazlal
   779 | D        | Killed Pargi
  1016 | D        | Noticed a steam dragon
  1024 | D        | Killed a steam dragon
  1024 | D        | Reached ***** piety under Qazlal
  1025 | D        | Reached skill level 12 in Invocations
  1283 | D        | Reached XP level 8. HP: 71/78 MP: 17/17
  1515 | D        | Noticed a lindwurm
  1515 | D        | Noticed a jumping spider
  1516 | D        | Killed a lindwurm
  1516 | D        | Killed a jumping spider
  1517 | D        | Reached skill level 10 in Fighting
  1517 | D        | Reached skill level 14 in Invocations
  1517 | D        | Reached XP level 9. HP: 84/86 MP: 9/19
  1718 | D        | Noticed a death cob
  1721 | D        | Reached skill level 10 in Shields
  1721 | D        | Reached skill level 15 in Invocations
  1729 | D        | Mangled by a death cob

Illustrated notes

Levels and vault maps discovered:
D:        pitsprint [storerooms_1, entrance_room_1, metal_vault_3, armoury_1,
          mini_pit_1, grid_room_1, main_hall_1, silver_pit, the_coven_1,
          the_vestibule_1, steel_vault_1, golden_pit, hallway_of_sentries,
          crystal_vault_1, iron_vault_1, final_vault]

Skill      XL: |  1  2  3  4  5  6  7  8  9 |
---------------+----------------------------+-----
Axes           | 3 5 6 7 8 9 11 | 11.3
Fighting       | 4 5 6 7 8 9 10 | 10.8
Invocations    | 1 5 8 11 12 14 15 | 15.0
Armour         | 4 6 7 8 9 |  9.8
Shields        | 4 6 7 8 9 10 | 10.0

Action                   |  1- 3 |  4- 6 |  7- 9 || total
-------------------------+-------+-------+-------++-------
Melee: War axe           |    19 |    27 |    63 ||   109
Invok: Disaster Area     |       |       |     2 ||     2
  Use: Potion            |       |     3 |     2 ||     5
Armor: Scale mail        |    16 |     5 |       ||    21
       Chain mail        |       |     3 |    46 ||    49
Dodge: Dodged            |    19 |    11 |    23 ||    53
Block: Buckler           |     8 |    10 |    45 ||    63
